Cogmind - Beta 11 X8 @@@ ROGUE MODE // 2021.12.22 @ 00:19:41 Player: PhenomPhear Result: Destroyed by S-43 Plague with Heavy Machine Gun Performance ------------- Evolutions (7) 3500 Regions Visited (8) 1600 Robots Destroyed (0) 0 Value Destroyed (0) 0 Prototype IDs (0) 0 Alien Tech Used (0) 0 Bonus (4085) 4085 TOTAL SCORE: 9185 Bonus ------- Pacifist 4085 Cogmind --------- Core Integrity 0/1300 Matter 233/300 Energy 99/100 System Corruption 0% Temperature Cool (0) Movement Core (50) Location -3/Research Parts ------- > --- POWER (1) -------- (None) > --- PROPULSION (16) -- (None) > --- UTILITY (2) ------ (None) > --- WEAPON (2) ------- (None) > --- INVENTORY (5) ---- Cooling System Advanced Terrain Scanner Advanced Terrain Scan Processor Peak State ------------ > --- POWER ------------ (None) > --- PROPULSION ------- Improved Surge Thruster Improved Surge Thruster > --- UTILITY ---------- Propulsion Shielding > --- WEAPON ----------- (None) > --- INVENTORY -------- Cooling System Advanced Terrain Scanner Advanced Terrain Scan Processor [Rating: 12] Favorites ----------- Power None Propulsion Improved Surge Thruster Flight Unit Improved Surge Thruster Utility Propulsion Shielding Device Advanced Terrain Scanner Processor Improved Terrain Scan Processor Protection Propulsion Shielding Weapon None Build | -11 -10 -9 -8 -7 -6 -5 -4 -3 ------- Run | Scr Mat Mat Mat Fac Fac Fac Fac Res Slots Evolved 14 | . . 2 2 2 2 2 2 2 Power . | . . . . . . . . . Propulsion 14 | . . 2 2 2 2 2 2 2 Utility . | . . . . . . . . . Weapon . | . . . . . . . . . Parts Attached 9 | . . . . 2 1 1 5 . Power . | . . . . . . . . . Engine . | . . . . . . . . . Core . | . . . . . . . . . Reactor . | . . . . . . . . . Propulsion 5 | . . . . 1 . . 4 . Treads . | . . . . . . . . . Leg . | . . . . . . . . . Wheel . | . . . . . . . . . Hover . | . . . . . . . . . Flight 5 | . . . . 1 . . 4 . Utility 4 | . . . . 1 1 1 1 . Device 1 | . . . . . . 1 . . Storage . | . . . . . . . . . Processor 1 | . . . . . 1 . . . Hackware . | . . . . . . . . . Protection 2 | . . . . 1 . . 1 . Artifact . | . . . . . . . . . Weapon . | . . . . . . . . . Energy Gun . | . . . . . . . . . Energy Cannon . | . . . . . . . . . Ballistic Gun . | . . . . . . . . . Ballistic Cannon . | . . . . . . . . . Launcher . | . . . . . . . . . Special Weapon . | . . . . . . . . . Impact Weapon . | . . . . . . . . . Slashing Weapon . | . . . . . . . . . Piercing Weapon . | . . . . . . . . . Special Melee Weapon . | . . . . . . . . . Unidentified Prototypes . | . . . . . . . . . Parts Lost 5 | . . . . 1 . 1 2 1 Power . | . . . . . . . . . Propulsion 3 | . . . . 1 . . 1 1 Utility 2 | . . . . . . 1 1 . Weapon . | . . . . . . . . . Highest Loss Streak 2 | . . . . 1 . 1 2 1 Average Slot Usage (%) 4 | . . . . 11 8 8 5 1 Flight 1 | . . . . 4 . . 4 1 Protection 1 | . . . . 7 6 2 1 . Naked Turns 398 | . 61 63 95 . . 26 59 94 Heaviest Build 1 | . . . . 1 1 1 1 . Greatest Support 8 | 3 3 3 3 4 3 3 8 4 Greatest Overweight (x) . | . . . . . . . . . Average Overweight (x) . | . . . . . . . . . Largest Inventory Capacity 5 | 5 5 5 5 5 5 5 5 5 Average Capacity 5 | 5 5 5 5 5 5 5 5 5 Most Carried 5 | . 3 3 4 3 2 5 4 3 Average Carried 2 | . 2 3 3 2 2 2 3 3 Final Capacity 5 | 5 5 5 5 5 5 5 5 5 Final Carried 5 | . 3 3 4 2 2 5 3 3 Class Distribution -------------------- 91% | Mutant 8% | Sprinter Dominant Class ---------------- Mutant | -10/Materials Mutant | -9/Materials Mutant | -8/Materials Mutant | -7/Factory Mutant | -6/Factory Mutant | -5/Factory Mutant | -4/Factory Mutant | -3/Research Resources | -11 -10 -9 -8 -7 -6 -5 -4 -3 ----------- Run | Scr Mat Mat Mat Fac Fac Fac Fac Res Matter Collected 123 | 88 . . . . . 35 . . Remotely . | . . . . . . . . . Salvage Created . | . . . . . . . . . Parts . | . . . . . . . . . Haulers Intercepted . | . . . . . . . . . Recyclers Shooed . | . . . . . . . . . Parts Field Recycled . | . . . . . . . . . Retrieved Matter . | . . . . . . . . . Parts Self-Destructed . | . . . . . . . . . Prevented . | . . . . . . . . . Kills | -11 -10 -9 -8 -7 -6 -5 -4 -3 ------- Run | Scr Mat Mat Mat Fac Fac Fac Fac Res Combat Hostiles Destroyed . | . . . . . . . . . Classes Destroyed . | . . . . . . . . . Best Kill Streak . | . . . . . . . . . Combat Bots Only . | . . . . . . . . . Max Kills in Single Turn . | . . . . . . . . . Gunslinging . | . . . . . . . . . Exploded . | . . . . . . . . . Melee . | . . . . . . . . . Uniques/NPCs Destroyed . | . . . . . . . . . Combat | -11 -10 -9 -8 -7 -6 -5 -4 -3 -------- Run | Scr Mat Mat Mat Fac Fac Fac Fac Res Damage Taken 4396 | . 174 218 472 198 137 657 1211 1329 Core 4133 | . 174 218 472 171 137 655 1001 1305 Absorbed by Shields . | . . . . . . . . . Core Remaining (%) 49 | 100 30 45 14 75 83 34 12 . Volleys Fired . | . . . . . . . . . Largest . | . . . . . . . . . Hottest . | . . . . . . . . . Shots Fired . | . . . . . . . . . Gun . | . . . . . . . . . Cannon . | . . . . . . . . . Launcher . | . . . . . . . . . Special . | . . . . . . . . . Kinetic . | . . . . . . . . . Thermal . | . . . . . . . . . Explosive . | . . . . . . . . . Electromagnetic . | . . . . . . . . . Robot Hit Streak . | . . . . . . . . . Robot Miss Streak . | . . . . . . . . . Penetration Max . | . . . . . . . . . Secondary Targets . | . . . . . . . . . Shots Hit Robots . | . . . . . . . . . Core Hits 3 | . . . . . . . . 3 Critical Kills . | . . . . . . . . . Critical Parts Destroyed . | . . . . . . . . . Critical Strikes . | . . . . . . . . . Melee Attacks . | . . . . . . . . . Impact . | . . . . . . . . . Slashing . | . . . . . . . . . Piercing . | . . . . . . . . . Sneak Attacks . | . . . . . . . . . Combat Hostiles . | . . . . . . . . . Follow-up Attacks . | . . . . . . . . . Damage Inflicted 81 | . 9 1 40 . 1 4 . 26 Guns . | . . . . . . . . . Cannons . | . . . . . . . . . Explosions . | . . . . . . . . . Melee . | . . . . . . . . . Ramming 81 | . 9 1 40 . 1 4 . 26 Kinetic . | . . . . . . . . . Thermal . | . . . . . . . . . Explosive . | . . . . . . . . . Electromagnetic . | . . . . . . . . . Impact . | . . . . . . . . . Slashing . | . . . . . . . . . Piercing . | . . . . . . . . . Highest Corruption 1 | . 1 . . . . . 1 . Average Corruption 1 | . 1 . . . . . 1 . Corruption Purged . | . . . . . . . . . Overload Shots . | . . . . . . . . . Overflow Damage . | . . . . . . . . . Projectiles . | . . . . . . . . . Explosions . | . . . . . . . . . Melee . | . . . . . . . . . Knockbacks . | . . . . . . . . . Impact . | . . . . . . . . . Kinetic . | . . . . . . . . . Secondary . | . . . . . . . . . Self-Inflicted Damage 37 | . 4 . 19 . . 2 . 12 Shots . | . . . . . . . . . Rammed 20 | . 2 1 7 . 1 1 . 8 Targets Rammed 20 | . 2 1 7 . 1 1 . 8 Kicked . | . . . . . . . . . Crushed . | . . . . . . . . . Highest Temperature 7 | . . . . . . . 7 . Average Temperature 7 | . . . . . . . 7 . Received Heat Transfer 590 | . 90 84 18 81 . . 194 123 Siege Activations . | . . . . . . . . . Robots Corrupted . | . . . . . . . . . Combat Hostiles . | . . . . . . . . . Parts Fried . | . . . . . . . . . Impact Corruptions . | . . . . . . . . . Robots Melted . | . . . . . . . . . Combat Hostiles . | . . . . . . . . . Parts Melted . | . . . . . . . . . Heat Transferred . | . . . . . . . . . Parts Sabotaged . | . . . . . . . . . Parts Stolen . | . . . . . . . . . Parts Stripped . | . . . . . . . . . Power Chain Reactions . | . . . . . . . . . Missiles Intercepted . | . . . . . . . . . Alert | -11 -10 -9 -8 -7 -6 -5 -4 -3 ------- Run | Scr Mat Mat Mat Fac Fac Fac Fac Res Peak Influence 211 | . 30 96 160 152 119 63 165 211 Initial 86 | . . 12 40 72 74 58 30 86 Average 72 | . 19 40 73 101 87 57 63 113 Maximum Alert Level 1 | . . . . . . . . 1 Low Security (%) 99 | 100 100 100 100 100 100 100 100 99 Level 1 . | . . . . . . . . . Level 2 . | . . . . . . . . . Level 3 . | . . . . . . . . . Level 4 . | . . . . . . . . . Level 5 . | . . . . . . . . . High Security . | . . . . . . . . . Max Security . | . . . . . . . . . Squads Dispatched 14 | . 3 . . 2 1 3 3 2 Investigation 5 | . 2 . . . . 2 1 . Extermination . | . . . . . . . . . Reinforcement 9 | . 1 . . 2 1 1 2 2 Assault . | . . . . . . . . . Garrison . | . . . . . . . . . Intercept . | . . . . . . . . . Construction Impeded . | . . . . . . . . . Haulers Reinforced . | . . . . . . . . . Active Scanning Responses . | . . . . . . . . . Cargo Convoy Interrupts . | . . . . . . . . . Stealth | -11 -10 -9 -8 -7 -6 -5 -4 -3 --------- Run | Scr Mat Mat Mat Fac Fac Fac Fac Res Distress Signals 5 | . 1 . 2 . . . 2 . Communications Jammed . | . . . . . . . . . Distress Signals . | . . . . . . . . . Times Spotted 88 | . 8 6 19 11 3 4 21 16 Peak Tracking Total 14 | . 7 4 14 9 2 5 12 11 Tactical Retreats 9 | . . 1 3 1 . . 2 2 Traps | -11 -10 -9 -8 -7 -6 -5 -4 -3 ------- Run | Scr Mat Mat Mat Fac Fac Fac Fac Res Traps Triggered 1 | . 1 . . . . . . . Indirectly . | . . . . . . . . . Trap Hack Attempts . | . . . . . . . . . Triggered . | . . . . . . . . . Disarmed . | . . . . . . . . . Reprogrammed . | . . . . . . . . . Reused . | . . . . . . . . . Traps Extracted . | . . . . . . . . . Installed . | . . . . . . . . . Triggered . | . . . . . . . . . Machines | -11 -10 -9 -8 -7 -6 -5 -4 -3 ---------- Run | Scr Mat Mat Mat Fac Fac Fac Fac Res Machines Disabled . | . . . . . . . . . Max in Single Turn . | . . . . . . . . . Machines Sabotaged . | . . . . . . . . . Garrisons Compromised . | . . . . . . . . . Overloaded Fab Kills . | . . . . . . . . . Hacking | -11 -10 -9 -8 -7 -6 -5 -4 -3 --------- Run | Scr Mat Mat Mat Fac Fac Fac Fac Res Machines Accessed 9 | . 2 2 1 . 1 2 1 . Terminals 8 | . 2 2 1 . 1 1 1 . Fabricators . | . . . . . . . . . Repair Stations . | . . . . . . . . . Recycling Units 1 | . . . . . . 1 . . Scanalyzers . | . . . . . . . . . Garrison Access . | . . . . . . . . . Total Hacks 24 | . 6 3 3 . 3 5 4 . Successful 2 | . . 1 . . . . 1 . Failed 22 | . 6 2 3 . 3 5 3 . Catastrophic 6 | . 3 1 1 . . 1 . . Database Lockouts . | . . . . . . . . . Manual 20 | . 6 3 3 . 3 2 3 . Terminals 21 | . 6 3 3 . 3 2 4 . Fabricators . | . . . . . . . . . Repair Stations . | . . . . . . . . . Recycling Units 3 | . . . . . . 3 . . Scanalyzers . | . . . . . . . . . Garrison Access . | . . . . . . . . . Terminal Hacks 2 | . . 1 . . . . 1 . Level Access Points 1 | . . 1 . . . . . . Terminal Index 1 | . . . . . . . 1 . Fabricator Hacks . | . . . . . . . . . Repair Station Hacks . | . . . . . . . . . Recycling Unit Hacks . | . . . . . . . . . Scanalyzer . | . . . . . . . . . Garrison Access Hacks . | . . . . . . . . . Unauthorized Hacks . | . . . . . . . . . Terminals . | . . . . . . . . . Fabricators . | . . . . . . . . . Repair Stations . | . . . . . . . . . Recycling Units . | . . . . . . . . . Scanalyzers . | . . . . . . . . . Garrison Access . | . . . . . . . . . Data Cores Recovered . | . . . . . . . . . Used . | . . . . . . . . . Hacking Detections 8 | . 2 1 1 . 1 2 1 . Full Trace Events 7 | . 2 1 1 . . 2 1 . Feedback Events . | . . . . . . . . . Feedback Blocked . | . . . . . . . . . Robot Schematics Acquired . | . . . . . . . . . Robots Built . | . . . . . . . . . Authchips . | . . . . . . . . . Time . | . . . . . . . . . Total Robot Build Rating . | . . . . . . . . . Part Schematics Acquired . | . . . . . . . . . Parts Built . | . . . . . . . . . Authchips . | . . . . . . . . . Time . | . . . . . . . . . Total Part Build Rating . | . . . . . . . . . Parts Repaired . | . . . . . . . . . Time . | . . . . . . . . . Parts Recycled . | . . . . . . . . . Recycled Matter . | . . . . . . . . . Retrieved Matter . | . . . . . . . . . Retrieved Components . | . . . . . . . . . Parts Scanalyzed . | . . . . . . . . . Part Schematics Acquired . | . . . . . . . . . Parts Damaged . | . . . . . . . . . Bothacking | -11 -10 -9 -8 -7 -6 -5 -4 -3 ------------ Run | Scr Mat Mat Mat Fac Fac Fac Fac Res Used RIF Installer . | . . . . . . . . . Robots Hacked . | . . . . . . . . . Non-combat . | . . . . . . . . . Combat . | . . . . . . . . . Robot Hacks Applied . | . . . . . . . . . Relay Couplers Released . | . . . . . . . . . Fabnet Peak Effective % . | . . . . . . . . . Robots Rewired . | . . . . . . . . . Allies Hacked . | . . . . . . . . . Hacks Repelled . | . . . . . . . . . Allies | -11 -10 -9 -8 -7 -6 -5 -4 -3 -------- Run | Scr Mat Mat Mat Fac Fac Fac Fac Res Total Allies . | . . . . . . . . . Largest Group . | . . . . . . . . . Highest-Rated Group . | . . . . . . . . . Highest-Rated Ally . | . . . . . . . . . Total Orders . | . . . . . . . . . Ally Attacks . | . . . . . . . . . Total Damage . | . . . . . . . . . Kills . | . . . . . . . . . Allies Corrupted . | . . . . . . . . . Allies Melted . | . . . . . . . . . Intel | -11 -10 -9 -8 -7 -6 -5 -4 -3 ------- Run | Scr Mat Mat Mat Fac Fac Fac Fac Res Robot Analysis Total . | . . . . . . . . . Derelict Logs Recovered . | . . . . . . . . . Drone Launches . | . . . . . . . . . Drone Recoveries . | . . . . . . . . . Exploration | -11 -10 -9 -8 -7 -6 -5 -4 -3 ------------- Run | Scr Mat Mat Mat Fac Fac Fac Fac Res Turns Passed 767 | 10 61 63 95 77 78 136 113 134 Spaces Moved 1605 | 20 113 124 174 174 150 259 287 304 Core 1186 | 20 113 124 174 57 150 259 117 172 Treads . | . . . . . . . . . Legs . | . . . . . . . . . Wheels . | . . . . . . . . . Hover . | . . . . . . . . . Flight 419 | . . . . 117 . . 170 132 Fastest Speed 27 | 50 50 50 50 40 50 50 27 30 Average Speed 45 | 50 50 50 50 43 50 50 36 41 Slowest Speed 50 | 50 50 50 50 50 50 50 50 50 Overloaded Moves . | . . . . . . . . . Propulsion Burnouts . | . . . . . . . . . Robots Hopped 4 | . . . . 2 . . 1 1 Cave-ins Triggered . | . . . . . . . . . Exploration Rate (%) 13 | 3 24 20 25 9 8 8 13 8 Regions Visited 8 Branch Regions . Pre-discovered Areas . | . . . . . . . . . Known Exits Taken 1 | . . 1 . . . . . . Unknown Exits Taken 7 | 1 1 . 1 1 1 1 1 . Scrap Searched . | . . . . . . . . . Spaces Dug . | . . . . . . . . . Terrain Destroyed . | . . . . . . . . . Melee . | . . . . . . . . . Projectile . | . . . . . . . . . AOE . | . . . . . . . . . Terrain Rammed . | . . . . . . . . . Walls Destroyed . | . . . . . . . . . Machines Disabled . | . . . . . . . . . Actions | -11 -10 -9 -8 -7 -6 -5 -4 -3 --------- Run | Scr Mat Mat Mat Fac Fac Fac Fac Res Total 1634 | 19 117 124 181 173 151 265 293 311 Wait . | . . . . . . . . . Move 1590 | 19 113 123 173 169 149 258 284 302 Hop 4 | . . . . 2 . . 1 1 Pick Up 7 | . 3 . 1 . . 2 1 . Fast Attach 2 | . . . . . 1 1 . . Attach 7 | . . . . 2 . . 5 . Detach 4 | . . . . . . 2 2 . Swap . | . . . . . . . . . Drop 1 | . . . . . . 1 . . Fire . | . . . . . . . . . Melee . | . . . . . . . . . Ram 19 | . 1 1 7 . 1 1 . 8 Kick . | . . . . . . . . . Crush . | . . . . . . . . . Escape Stasis . | . . . . . . . . . Rewire . | . . . . . . . . . Trap . | . . . . . . . . . Miscellaneous . | . . . . . . . . . Route ------- -11/Scrapyard -10/Materials -9/Materials (discovered 4 exits: *Mat x3 / [*Min]) -8/Materials -7/Factory -6/Factory -5/Factory -4/Factory -3/Research History --------- Turn | Location | Event 4 | -11/Scrapyard | Discovered new exit (range 14) 11 | -11/Scrapyard | Entered Materials 66 | -10/Materials | Discovered new exit (range 12) 72 | -10/Materials | Core integrity fell below 50% 72 | -10/Materials | Entered another Materials area 72 | -9/Materials | Evolved 2 slots: Propulsion x2 91 | -9/Materials | Discovered new exit (range 15) 122 | -9/Materials | Identified exit to Materials 133 | -9/Materials | Core integrity fell below 50% 135 | -9/Materials | Entered another Materials area 135 | -8/Materials | Evolved 2 slots: Propulsion x2 187 | -8/Materials | Core integrity fell below 50% 223 | -8/Materials | Core integrity fell below 20% 229 | -8/Materials | Discovered new exit (range 3) 230 | -8/Materials | Entered Factory 230 | -7/Factory | Evolved 2 slots: Propulsion x2 304 | -7/Factory | Discovered new exit (range 9) 307 | -7/Factory | Entered another Factory area 307 | -6/Factory | Evolved 2 slots: Propulsion x2 309 | -6/Factory | Build established: Mutant 371 | -6/Factory | Spotted B-75 Beast 378 | -6/Factory | Discovered new exit (range 14) 385 | -6/Factory | Entered another Factory area 385 | -5/Factory | Evolved 2 slots: Propulsion x2 510 | -5/Factory | Discovered new exit (range 16) 511 | -5/Factory | Core integrity fell below 50% 521 | -5/Factory | Entered another Factory area 521 | -4/Factory | Evolved 2 slots: Propulsion x2 573 | -4/Factory | Core integrity fell below 50% 625 | -4/Factory | Core integrity fell below 20% 630 | -4/Factory | Discovered new exit (range 14) 634 | -4/Factory | Entered Research 634 | -3/Research | Evolved 2 slots: Propulsion x2 725 | -3/Research | Core integrity fell below 50% 739 | -3/Research | Core integrity fell below 20% 768 | -3/Research | Destroyed by S-43 Plague with Heavy Machine Gun Last Messages --------------- 00656_ ALERT: All DSF locations entering lockdown mode. 00656_ Penetrated by Slug. 00674_ Imp. Surge Thruster destroyed. 00675_ Slammed into Y-72 Warden. 00675_ Destabilizing: Core damaged (-13). 00676_ Slammed into Y-72 Warden. 00677_ Penetrated by Slug. 00678_ Slammed into Y-72 Warden. 00678_ Destabilizing: Core damaged (-39). 00679_ Slammed into Y-72 Warden. 00680_ Penetrated by Slug. 00681_ Slammed into Y-72 Warden. 00707_ Slammed into S-43 Plague. 00720_ Slug penetrates Wall. 00720_ Penetrated by Slug. 00721_ O-24 Administrator: "IFF HANDSHAKE FAILED. SECURING TERMINAL." 00728_ ALERT: Hostiles spotted, dispatching reinforcements to Terminal R013. 00732_ ALERT: Hostiles spotted, dispatching reinforcements to Terminal R003. Map ----- +----------------------------------------------------+ | ?????????????????????????????????????????????????? | | ?????????????????????????????????????????????????? | | ?????????????????????????????????????????????????? | | ?????????????????????????????????????????????????? | | ?????????????????????????????????????????????????? | | ?????????????????????????????????????????????????? | | ?????????????????????????????????????????????????? | | ?????????????????????????????????????????????????? | | ?????????????????????????????????????????????????? | | ##???????????????????????????????????????????????? | | ???????????????????????????????????????????????? | | ???????????????????????????????????????????????? | | ?????????????????????????????????????????????????? | | ?????????????????????????????????????????????????? | | ?????????????????????????????????????????????????? | | """"?????????????????????????????????????????????? | | ????????????????????????????????????????????? | | ???????????????????#########????????????????? | | ? ??????????????# #????????????????? | | ?????????????# #????????????????? | | ?????????????# s""" #????????????????? | | ####?# #######???????#ss""" #????????????????? | | ?????# # ! ???????#= """ #????????????????? | | ?????# # !?###### #????????????????? | | ?????# # ## # #????????????????? | | ?????# # "" / #@ """ #????????????????? | | ?????# # S"" ## + """ #????????????????? | | ?????# # "" ?# # """ #????????????????? | | ?????# # ??# # #????????????????? | | ?????# # ??# # #????????????????? | | ##+### ###+###### # """ #????????????????? | | # """ #????????????????? | | # """ #????????????????? | | # #????????????????? | | # #????????????????? | | #################################????????????????? | | ?????????????????????????????????????????????????? | | ?????????????????????????????????????????????????? | | ?????????????????????????????????????????????????? | | ?????????????????????????????????????????????????? | | ?????????????????????????????????????????????????? | | ?????????????????????????????????????????????????? | | ?????????????????????????????????????????????????? | | ?????????????????????????????????????????????????? | | ?????????????????????????????????????????????????? | | ?????????????????????????????????????????????????? | | ?????????????????????????????????????????????????? | | ?????????????????????????????????????????????????? | | ?????????????????????????????????????????????????? | | ?????????????????????????????????????????????????? | +----------------------------------------------------+ Best States ------------- Heat Dissipation 46 Energy Generation 5 Energy Capacity 100 Matter Stores 237 Matter Capacity 300 Sight Range 16 Terrain Scan Range 20 Terrain Scan Density 110 Propulsion Shielding 33 Evasion (%) 64 Item Schematics ----------------- None Robot Schematics ------------------ None Fabricated ------------ Nothing Alien Tech Used ----------------- None Achievements -------------- None Challenges ------------ None Game ------ Seed SpreadSwordThermoblaster Manual? 0 Play Time 00:17:01 Cumulative 1119.0 hours Start 2021.12.22 @ 00:05:26 End 2021.12.22 @ 00:19:41 Sessions 1 Manual Loads 0 Difficulty Rogue Special Mode None Game No. 720 Rogue 707 Adventurer 5 Explorer 8 Win Type - Total 19 Types 10/1/4/4/0/0/0/0/0 Lore% 87 Gallery% 91 Achievement% 81 Wizard Run 0 Options --------- ASCII 0 Keyboard 0 Movement Mouse Keybinds 0 Fullscreen 1 Font 24/Crisp Map View 76x50 Tactical HUD 1 Map Filters NONE Filters NONE Steam 1 RUN: 1f97fc28-32ca-4ba3-ab82-dc38e5328dff